 Dungeon Crawl Stone Soup version 0.18-a0-1572-g0a86841 (webtiles) character file.

935 Ijustatesigmund the Insei (level 8, -3/54 HPs)
             Began as an Octopode Transmuter on Mar 15, 2016.
             Was a High Priest of Cheibriados.
             Slain by Grinder (7 damage)
             ... on level 6 of the Dungeon.
             The game lasted 00:27:51 (5595 turns).

Ijustatesigmund the Insei (Octopode Transmuter)     Turns: 5595, Time: 00:27:51

Health: -3/54      AC:  1    Str: 24    XL:     8   Next: 11%
Magic:  14/20      EV: 15    Int: 31    God:    Cheibriados [*****.]
Gold:   293        SH:  0    Dex: 26    Spells: 3 memorised, 5 levels left

rFire  . . .     SeeInvis .       - Unarmed
rCold  . . .     Gourm    .     (no shield)
rNeg   . . .     Faith    .     (helmet restricted)
rPois  .         Spirit   .     (no amulet)
rElec  .         Dismiss  .     l - ring of magical power
rCorr  .         Reflect  .     (no ring)
SustAt .         Harm     .     (no ring)
MR     .....                    (no ring)
Stlth  +++.......               (no ring)
                                (no ring)
                                (no ring)
                                (no ring)

@: about to teleport, very slow, not resistant to hostile enchantments, fairly
stealthy
A: almost no armour, amphibious, 8 rings, constrict 8, camouflage 1, gelatinous
body 1
a: Bend Time, Temporal Distortion, Slouch, Step From Time, Renounce Religion


You were on level 6 of the Dungeon.
You worshipped Cheibriados.
Cheibriados was extremely pleased with you.
You were not hungry.

You visited 1 branch of the dungeon, and saw 6 of its levels.
You also visited: Sewer.

You collected 293 gold pieces.

Inventory:

Hand Weapons
 n - a cursed -1 blowgun
Missiles
 a - 76 arrows
 o - 4 curare-tipped needles
Jewellery
 e - an uncursed ring of ice
 l - a ring of magical power (left tentacle)
Wands
 r - a wand of flame (7/48)
Scrolls
 g - 4 scrolls of fog
 j - 4 scrolls of remove curse
 k - 2 scrolls of enchant armour
 p - 5 scrolls of teleportation
 q - a scroll of blinking
 w - a scroll of magic mapping
Potions
 m - a potion of lignification
 s - a potion of mutation {unknown}
 t - a potion of magic {unknown}
 u - 3 potions of curing
 v - 3 potions of might {unknown}
Books
 b - a book of Changes

   Spells                             Type                      Level
   a - Beastly Appendage              Transmutation                1
   b - Sticks to Snakes               Transmutation                2
   c - Spider Form                    Transmutation/Poison         3
   d - Ice Form                       Ice/Transmutation            4
   e - Blade Hands                    Transmutation                5
Comestibles
 c - 3 bread rations
 d - a meat ration


   Skills:
 - Level 4.2 Fighting
 + Level 3.7 Dodging
 + Level 6.3 Unarmed Combat
 - Level 2.0 Spellcasting
 - Level 3.4 Transmutations
 - Level 2.0 Poison Magic
 - Level 3.1 Invocations


You had 5 spell levels left.
You knew the following spells:

 Your Spells              Type           Power        Failure   Level  Hunger
a - Beastly Appendage     Trmt           ###...       1%          1    None
b - Sticks to Snakes      Trmt           ###.....     3%          2    ##.....
c - Spider Form           Trmt/Pois      ###.......   10%         3    ###....


Dungeon Overview and Level Annotations

Branches:
Dungeon (6/15)             Temple (0/1) D:4

Altars:
Cheibriados
Gozag
Kikubaaqudgha
Makhleb
Nemelex Xobeh
Okawaru
Vehumet
The Shining One

Annotations:
D:6 Dowan, Duvessa, Grinder


Innate Abilities, Weirdness & Mutations

You cannot wear most types of armour.
You are amphibious.
You can wear up to eight rings at the same time.
You can use your tentacles to constrict eight enemies at once.
Your skin changes colour to match your surroundings (Stealth).
Your rubbery body absorbs attacks (AC +1).


Message History

Grinder gestures at you. Pain shoots through your body!
* * * LOW HITPOINT WARNING * * *
Your ball python bites Dowan.
Your ball python constricts Dowan.
Your ball python bites Duvessa but does no damage.
Your ball python barely misses Duvessa.
Your adder bites Grinder but does no damage.
Read which item? (? for menu, Esc to quit)
As you read the scroll of teleportation, it crumbles to dust.
You feel strangely unstable.
Your transformation has ended.
Your ball python bites Dowan.
Your ball python constricts Dowan.
Duvessa hits your adder with a short sword!
Your adder dies!
Your ball python misses Grinder.
Your ball python barely misses Grinder.
Dowan gestures at you while chanting. The puff of frost hits you!
* * * LOW HITPOINT WARNING * * *
Grinder hits you!
You die...

#. #.########
#)........
#.......##
####.........
#....Se.....?
#.##S.5......
#.##.@e#
#.##.S##
#......#
####..###..#
#..<..# ..#
#.###.# .## #
#... .#
#.#.###
#.#...


You could see Grinder, Duvessa, Dowan and 3 friendly ball pythons.

Vanquished Creatures
  An ogre (D:4)
  A necrophage (D:3)
  A phantom (D:4)
  2 giant frogs (Sewer)
  A vampire bat (D:2)
  A jelly (D:2)
  2 hounds (D:4)
  3 orc wizards
  An iguana (D:4)
  2 worker ants (D:4)
  5 river rats (Sewer)
  14 adders
  2 oozes
  An adder skeleton (D:4)
  2 worms
  4 dart slugs
  2 giant geckos
  7 orcs
  8 ball pythons (Sewer)
  8 bats
  A bat skeleton (D:2)
  5 bat zombies (D:2)
  3 giant cockroaches (D:2)
  11 hobgoblins
  6 jackals
  4 quokkas
  A ball python skeleton (D:5)
  A giant cockroach zombie (D:5)
  A giant gecko skeleton (D:4)
  3 giant newts
  11 goblins
  7 kobolds
  A quokka skeleton (D:5)
  34 rats
157 creatures vanquished.

Vanquished Creatures (collateral kills)
  An orc wizard (D:3)
  2 adders
  An ooze (Sewer)
  3 worms
  2 giant geckos (D:3)
  6 orcs
  A bat (D:3)
  A hobgoblin (D:2)
  A kobold (D:3)
  4 ball pythons
  A giant newt (Sewer)
  A rat (Sewer)
24 creatures vanquished.

Grand Total: 181 creatures vanquished

Notes
Turn   | Place    | Note
--------------------------------------------------------------
     0 | D:1      | Ijustatesigmund the Octopode Transmuter began the quest for the Orb.
     0 | D:1      | Reached XP level 1. HP: 13/13 MP: 3/3
    39 | D:1      | Found a snail-covered altar of Cheibriados.
   232 | D:1      | Became a worshipper of Cheibriados the Contemplative
   384 | D:1      | Reached XP level 2. HP: 16/18 MP: 3/5
   733 | D:1      | Learned a level 2 spell: Sticks to Snakes
  1216 | D:1      | Reached * piety under Cheibriados
  1300 | D:1      | Reached XP level 3. HP: 22/24 MP: 6/6
  1305 | D:1      | Learned a level 3 spell: Spider Form
  2145 | D:2      | Reached ** piety under Cheibriados
  2188 | D:2      | Found an ancient bone altar of Kikubaaqudgha.
  2192 | D:2      | Reached skill level 4 in Unarmed Combat
  2192 | D:2      | Reached skill level 1 in Invocations
  2192 | D:2      | Reached XP level 4. HP: 27/30 MP: 5/7
  2380 | D:2      | Reached XP level 5. HP: 4/36 MP: 0/8
  2684 | D:2      | Reached skill level 1 in Poison Magic
  3140 | D:3      | Reached *** piety under Cheibriados
  3347 | D:3      | Reached XP level 6. HP: 38/42 MP: 5/9
  3614 | D:3      | Noticed a necrophage
  3627 | D:3      | Killed a necrophage
  3673 | D:3      | Found an opulent altar of Gozag.
  3677 | D:3      | Reached **** piety under Cheibriados
  3774 | D:3      | Found a glowing golden altar of the Shining One.
  3844 | D:4      | Found a radiant altar of Vehumet.
  3883 | D:4      | Found a burning altar of Makhleb.
  3925 | D:4      | Noticed a phantom
  3940 | D:4      | Reached skill level 5 in Unarmed Combat
  3943 | D:4      | Reached XP level 7. HP: 31/48 MP: 10/10
  4285 | D:4      | Found a staircase to the Ecumenical Temple.
  4426 | D:5      | Entered Level 5 of the Dungeon
  4435 | D:5      | Found a sparkling altar of Nemelex Xobeh.
  4474 | D:5      | Found an iron altar of Okawaru.
  4684 | D:5      | Reached ***** piety under Cheibriados
  4726 | D:5      | Found a glowing drain.
  4737 | Sewer    | Entered a sewer
  5319 | Sewer    | Reached skill level 6 in Unarmed Combat
  5319 | Sewer    | Reached XP level 8. HP: 43/54 MP: 11/11
  5577 | D:6      | Noticed Grinder
  5586 | D:6      | Noticed Dowan
  5588 | D:6      | Noticed Duvessa
  5590 | D:6      | Paralysed by Grinder for 3 turns
  5595 | D:6      | Slain by Grinder

Vault maps used:
D:1:      dpeg_arrival_solitude, cheibriados_altar_1
D:2:      kennysheep_vampire_church, first_bread
D:3:      marbit_many_paths, nicolae_overflow_crystal_walls,
          small_statue_alley_b
D:4:      makhleb_heckhound_becter, temple_green, vehumet_altar_wand_db
D:5:      okawaru_metal_pillars_1_2, nemelex_xobeh_ov_fountains_minmay,
          portal_sewer_entry_d
D:6:      lemuel_slime, minivault_5, uniq_pikel, uniq_eustachio, uniq_duvessa,
          uniq_grinder
Sewer:    sewer_minmay_w

Skill      XL: |  1  2  3  4  5  6  7 |
---------------+----------------------+-----
Fighting       | 2 3 4 |  4.2
Unarmed Combat | 4 5 6 |  6.3
Invocations    | 1 2 3 |  3.1
Poison Magic   | 2 |  2.0
Transmutations | 3 |  3.4
Dodging        | 3 |  3.7
Spellcasting   | |  2.0

Action                   |  1- 3 |  4- 6 |  7- 9 || total
-------------------------+-------+-------+-------++-------
Melee: Unarmed           |    95 |    98 |   104 ||   297
 Cast: Beastly Appendage |    16 |    18 |    17 ||    51
       Sticks to Snakes  |     3 |    35 |    13 ||    51
       Spider Form       |       |       |     2 ||     2
  Use: Scroll            |     9 |     4 |     3 ||    16
       Potion            |     1 |       |     4 ||     5
 Stab: Sleeping          |     3 |     5 |     7 ||    15
       Distracted        |       |     1 |     1 ||     2
  Eat: Chunk             |     3 |     5 |     1 ||     9
       Beef jerky        |       |       |     2 ||     2
